 Dungeon Crawl Stone Soup version 0.30-a0-279-g4b46babb21 (webtiles) character file.

Game seed: 4183645931283299205

61403 koil the Spry (level 14, -5/74 HPs)
             Began as a Spriggan Enchanter on Oct 16, 2022.
             Was the Champion of Okawaru.
             Slain by a death yak (22 damage)
             ... on level 5 of the Lair of Beasts.
             The game lasted 01:49:13 (19895 turns).

koil the Spry (Spriggan Enchanter)                 Turns: 19895, Time: 01:49:14

Health: -5/74      AC: 13    Str:  3    XL:     14   Next: 60%
Magic:  26/28      EV: 40    Int: 15    God:    Okawaru [******]
Gold:   1549       SH: 12    Dex: 26    Spells: 18/38 levels left

rFire   . . .      SeeInvis +    P - +6 rapier of Baozy {speed, rN+ Int-4 Dex+3 Stlth+}
rCold   . . .      Faith    .    X - +3 buckler {reflect}
rNeg    + . .      Spirit   .    z - +2 robe {rC+}
rPois   .          Reflect  +    W - +3 crown of Dyrovepreva {rElec Int+2 SInv}
rElec   +          Harm     .    k - +1 cloak of Starlight {*Dazzle EV+4 Stlth--}
rCorr   .          Rampage  .    (gloves unavailable)
Will    ++...                    (boots unavailable)
Stlth   ++++++....               R - amulet of magic regeneration
HPRegen 0.32/turn                e - +4 ring of protection
MPRegen 0.61/turn                p - ring of wizardry

@: confusing by touch, studying Dodging, very quick
A: very small, no large weapons, unfitting armour, see invisible, speed 3,
talons 1, agile 1, low MP 1, cold vulnerability 1
a: Renounce Religion, Heroism, Finesse, Duel


You were on level 5 of the Lair of Beasts.
You worshipped Okawaru.
Okawaru was exalted by your worship.
You visited 3 branches of the dungeon, and saw 17 of its levels.
You also visited: Sewer and Bailey.

You collected 1793 gold pieces.
You spent 244 gold pieces at shops.

Inventory:

Hand Weapons
 d - a +0 quick blade of draining
 r - a +4 dagger of flaming
 B - a +2 dagger of freezing
 E - a +2 dagger of venom
 P - the +6 rapier of Baozy (weapon) {speed, rN+ Int-4 Dex+3 Stlth+}
   (You found it in a bailey)

   Attacks with this weapon are significantly faster.
   Int:       It affects your intelligence (-4).
   Dex:       It affects your dexterity (+3).
   rN:        It protects you from negative energy.
   Stlth:     It makes you more stealthy.
Missiles
 n - 22 curare-tipped darts (quivered)
 A - 37 poisoned darts
 O - 10 atropa-tipped darts
 Q - 7 datura-tipped darts
Armour
 f - the +2 robe of Curiosity {rF++ Will- Str+3}
   (You found it on level 11 of the Dungeon)

   Str:       It affects your strength (+3).
   rF:        It greatly protects you from fire.
   Will:      It decreases your willpower.
 k - the +1 cloak of Starlight (worn) {*Dazzle EV+4 Stlth--}
   (Okawaru gifted it to you on level 5 of the Lair of Beasts)

   It may blind those who miss an attack against the wearer in melee combat.
   EV:        It affects your evasion (+4).
   Stlth:     It makes you much less stealthy.
 x - a +2 cloak
 z - a +2 robe of cold resistance (worn)
 W - the +3 crown of Dyrovepreva (worn) {rElec Int+2 SInv}
   (You found it on level 2 of the Lair of Beasts)

   Int:       It affects your intelligence (+2).
   rElec:     It insulates you from electricity.
   SInv:      It lets you see invisible.
 X - a +3 buckler of reflection (worn)
Jewellery
 a - a ring of flight
 e - a +4 ring of protection (left hand)
 p - a ring of wizardry (right hand)
 w - the ring of Urchilly {rPois Will+}
   (You found it on level 5 of the Lair of Beasts)

   [ring of poison resistance]

   rPois:     It protects you from poison.
   Will:      It increases your willpower.
 y - a ring of protection from cold
 D - a +4 ring of protection
 F - a ring of resist corrosion
 R - an amulet of magic regeneration (around neck)
 Z - a ring of protection from fire
Wands
 h - a wand of mindburst (11)
 s - a wand of flame (26)
 v - a wand of light (12)
 C - a wand of paralysis (13)
 T - a wand of digging (5)
 U - a wand of roots (7)
Scrolls
 i - a scroll of summoning
 o - 2 scrolls of enchant armour
 t - 3 scrolls of silence
 u - a scroll of identify
 G - 9 scrolls of teleportation
 H - 3 scrolls of magic mapping
 I - 3 scrolls of fog
 N - a scroll of amnesia
 S - 5 scrolls of blinking
Potions
 b - 3 potions of haste
 c - 5 potions of invisibility
 g - 6 potions of curing
 j - 4 potions of brilliance
 l - a potion of ambrosia
 m - a potion of berserk rage
 q - 2 potions of cancellation
 K - 8 potions of might
 M - a potion of magic


   Skills:
 + Level 8.5 Fighting
 + Level 11.1 Short Blades
 + Level 17.0 Dodging
 + Level 15.9 Stealth
 - Level 5.0 Shields
 + Level 12.5 Spellcasting
 - Level 10.0 Hexes
 - Level 10.0 Transmutations
 + Level 3.7 Invocations
 + Level 4.7 Evocations


You had 18 spell levels left.
You knew the following spells:

 Your Spells              Type           Power      Damage    Failure   Level
a - Ensorcelled Hibernat  Hex/Ice        48%        N/A       1%          2
b - Confusing Touch       Hex            39%        N/A       1%          3
c - Dazzling Flash        Conj/Hex       48%        N/A       2%          3
d - Ice Form              Ice/Tmut       24%        N/A       8%          4
e - Freeze                Ice            36%        1d5       6%          1
f - Hailstorm             Conj/Ice       9%         3d4       17%         3
g - Anguish               Hex/Necr       12%        N/A       8%          4

Your spell library contained the following spells:

 Spells                   Type           Power      Damage    Failure   Level
 Inner Flame              Hex/Fire       24%        N/A       2%          3
 Spider Form              Tmut/Pois      24%        N/A       2%          3
 Kiss of Death            Conj/Necr      36%        2d8       6%          1
 Frozen Ramparts          Ice            18%        1d3       17%         3
 Ozocubu's Armour         Ice            9%         N/A       17%         3
 Dispel Undead            Necr           9%         3d8       47%         4
 Flame Wave               Conj/Fire      9%         2d6       47%         4
 Sticky Flame             Conj/Fire      9%         2d3       47%         4
 Ozocubu's Refrigeration  Ice            4%         4d8       100%        7
 Tukima's Dance           Hex            Unusable   N/A       N/A         3
 Simulacrum               Ice/Necr       Unusable   N/A       N/A         6

Dungeon Overview and Level Annotations

Branches:
Dungeon (11/15)            Temple (1/1) D:5            Lair (5/5) D:11
 Shoals (0/4) Lair:3        Snake (0/4) Lair:2        Slime (0/5) Lair:4
    Orc (0/2) D:10          Sewer (visited)          Bailey (visited)

Altars:
Ashenzari
Cheibriados
Dithmenos
Elyvilon
Fedhas
Gozag
Hepliaklqana
Kikubaaqudgha
Makhleb
Nemelex Xobeh
Okawaru
Qazlal
Ru
Sif Muna
Trog
Uskayaw
Vehumet
Wu Jian
Xom
Yredelemnul
Zin
The Shining One
Jiyva

Shops:
D:6 [


Innate Abilities, Weirdness & Mutations

You are very small and have problems with some larger weapons.
You are too small for most types of armour.
You have supernaturally acute eyesight. (SInv)
You cover ground extremely quickly. (Speed+++)
You have sharp toenails.
You are agile. (Dex +4, Str/Int -1)
Your magical capacity is low. (-10% MP)
You are vulnerable to cold. (rC-)


Message History

The death yak is lightly wounded.
The death yak gores you! The death yak gores you.
You strike the helpless death yak from behind!
You hit the death yak but do no damage. You claw the death yak.
The death yak is lightly wounded.
The death yak is no longer blind.
You hit the death yak but do no damage.
You claw the death yak, but do no damage.
The death yak is lightly wounded.
The death yak gores you!! The death yak completely misses you.
The death yak's sight is seared by the starlight!
You hit the death yak but do no damage.
You claw the death yak, but do no damage.
The death yak is lightly wounded.
You strike the helpless death yak from behind!
You hit the death yak but do no damage.
You claw the death yak, but do no damage.
The death yak is lightly wounded.
The death yak misses you. You block the yak's attack.
You hit the death yak but do no damage.
You claw the death yak, but do no damage.
The death yak is lightly wounded.
You block the yak's attack. The death yak closely misses you.
The death yak is blinded by the light from your cloak!
You catch the helpless death yak completely off-guard!
You hit the death yak but do no damage.
Casting: Confusing Touch (safe; 1% risk of failure)
Confirm with . or Enter, or press ? or * to list all spells.
Your hands begin to glow brighter.
The death yak gores you!!
* * * LOW HITPOINT WARNING * * *
You hit the death yak but do no damage. You claw the death yak.
The death yak is lightly wounded.
The yak completely misses you. The death yak completely misses you.
You hit the death yak but do no damage. You claw the death yak.
The death yak is lightly wounded.
You completely miss the death yak.
You claw the death yak, but do no damage.
The death yak is lightly wounded.
The death yak barely misses you. The death yak gores you!!
You die...

## ##.......... ##..###...8. .#
#†#...# ##..###.8....
.#######....#### ####.P.###..÷..#
.##............###.##..###..8..8.
...................##..# #))...÷8
................Y.##...# ##.?....
............##.#Y###.P.## ##.(.8÷
.............#.#Y###....# ##....
..............#Y@##.....## ###.#
.#..##........#Y##.......########
.##.(#YY...................##....
###.........................†....
##(..YY..................####.♣.
##.......##......P.......## ###.
#....(.Y.#.............### ##
##..(...Y.#......P.P..##
#..(((.....#........##


You could see 2 death yaks and 3 yaks.

Vanquished Creatures
  The ghost of Hihis the Impaler, a journeyman MfBe of Trog (Lair:4)
  A minotaur (Lair:4)
  6 hydras
  3 catoblepae
  2 boulder beetles
  19 death yaks
  A deep troll shaman (Lair:5)
  Sonja (D:11)
  Pikel (D:7)
  A necromancer (Lair:2)
  A deep elf pyromancer (D:11)
  4 oklob plants (Lair:4)
  2 cyclopes (D:11)
  A black mamba (Lair:5)
  10 cane toads
  2 torpor snails
  15 elephants
  A gargoyle (D:10)
  An unseen horror (D:6)
  2 rime drakes (Lair:5)
  12 komodo dragons
  5 trolls
  3 polar bears
  A hornet (D:10)
  12 blink frogs
  A snapping turtle (Lair:3)
  A dream sheep (Lair:4)
  A shadow (D:11)
  4 wyverns
  4 basilisks
  48 yaks
  4 steam dragons
  5 vampire mosquitoes (D:11)
  3 wargs (D:11)
  Edmund (D:6)
  4 acid dragons
  3 nagas (Lair:2)
  15 water moccasins
  7 orc warriors
  A swamp drake (D:10)
  3 black bears
  14 wolves (Lair:5)
  9 centaurs
  3 phantoms
  Blork the orc (D:4)
  6 kobold brigands
  11 bullfrogs
  2 necrophages (D:6)
  4 scorpions
  33 killer bees
  An electric eel (Lair:3)
  5 howler monkeys
  5 jellies
  4 hounds
  Crazy Yiuf (D:3)
  2 gnoll boudas
  15 orc priests
  Natasha (thrice) (D:2)
  7 iguanas
  19 orc wizards
  A yak simulacrum (Lair:2)
  2 polar bear simulacra (Lair:2)
  5 wolf simulacra (Lair:2)
  Robin (D:4)
  17 gnolls
  8 adders
  3 river rats (Sewer)
  A white imp (D:5)
  An ufetubus (D:6)
  A worm (D:2)
  3 dart slugs
  52 orcs
  13 bats
  5 endoplasms
  5 giant cockroaches
  15 goblins
  11 hobgoblins
  14 jackals
  27 kobolds
  6 quokkas
  15 ball pythons
  7 frilled lizards
  5 rats
  3 river rat simulacra (Lair:2)
579 creatures vanquished.

Vanquished Creatures (collateral kills)
  2 orc warriors (Bailey)
  A kobold brigand (Bailey)
3 creatures vanquished.

Vanquished Creatures (others)
  A kobold brigand (Bailey)
  An orc (D:10)
  A bush (Lair:5)
  54 fungi
  42 plants
99 creatures vanquished.

Grand Total: 681 creatures vanquished

Notes
Turn   | Place    | Note
-------+----------+-------------------------------------------
     0 | D:1      | koil the Spriggan Enchanter began the quest for the Orb.
     0 | D:1      | Reached XP level 1. HP: 9/9 MP: 5/5
    60 | D:1      | Reached XP level 2. HP: 13/13 MP: 6/6
    92 | D:1      | Reached skill level 3 in Dodging
    96 | D:1      | Learned a level 2 spell: Ensorcelled Hibernation
   295 | D:1      | Reached XP level 3. HP: 15/17 MP: 8/8
   299 | D:1      | Learned a level 3 spell: Confusing Touch
   588 | D:1      | Learned a level 3 spell: Dazzling Flash
   868 | D:2      | Reached skill level 5 in Stealth
   873 | D:2      | Reached XP level 4. HP: 21/21 MP: 10/10
   954 | D:2      | Reached skill level 1 in Fighting
  1057 | D:2      | Noticed Natasha
  1064 | D:2      | Killed Natasha
  1104 | D:2      | Found a faded altar of an unknown god.
  1105 | D:2      | Noticed Natasha
  1130 | D:2      | Killed Natasha
  1304 | D:2      | Reached XP level 5. HP: 19/25 MP: 11/11
  1450 | D:2      | Noticed Natasha
  1460 | D:2      | Killed Natasha
  1461 | D:2      | Reached skill level 4 in Dodging
  2023 | D:3      | Found a runed translucent door.
  2024 | D:3      | Noticed Crazy Yiuf
  2030 | D:3      | Killed Crazy Yiuf
  2046 | D:3      | Identified the +8 hammer "Efoix" {vorpal, Dex+2}
  2239 | D:4      | Noticed Robin
  2268 | D:4      | Killed Robin
  2269 | D:4      | Reached XP level 6. HP: 30/30 MP: 10/13
  2585 | D:4      | Found a glowing drain.
  2589 | Sewer    | Entered a sewer
  3395 | D:4      | Reached skill level 5 in Hexes
  3395 | D:4      | Reached XP level 7. HP: 31/35 MP: 10/14
  3445 | D:4      | Found a hazy altar of Hepliaklqana.
  3486 | D:4      | Reached skill level 5 in Dodging
  3720 | D:4      | Reached skill level 5 in Spellcasting
  3721 | D:4      | Noticed Blork the orc
  3726 | D:4      | Killed Blork the orc
  4220 | D:5      | Entered Level 5 of the Dungeon
  4291 | D:5      | Reached XP level 8. HP: 37/39 MP: 16/16
  4421 | D:5      | Reached skill level 6 in Dodging
  4606 | D:5      | Found a staircase to the Ecumenical Temple.
  4894 | Temple   | Entered the Ecumenical Temple
  5077 | Temple   | Became a worshipper of Warmaster Okawaru
  5391 | D:6      | Noticed an unseen horror
  5574 | D:6      | Noticed Edmund
  5587 | D:6      | Killed Edmund
  5609 | D:6      | Reached skill level 5 in Short Blades
  5696 | D:6      | Reached * piety under Okawaru
  5733 | D:6      | Reached XP level 9. HP: 17/45 MP: 19/19
  5853 | D:6      | Reached skill level 7 in Dodging
  5921 | D:6      | Killed an unseen horror
  5948 | D:6      | Reached ** piety under Okawaru
  5963 | D:6      | Learned a level 4 spell: Ice Form
  6046 | D:6      | Found Secsoov's Antique Armour Shop.
  6054 | D:6      | Bought a fabulously ornate robe for 148 gold pieces
  6054 | D:6      | Identified the +1 robe "Umumagho" {Str+2} (You bought it in
                  | a shop on level 6 of the Dungeon)
  6054 | D:6      | Bought a glowing robe for 96 gold pieces
  6450 | D:7      | Reached skill level 1 in Transmutations
  6485 | D:7      | Noticed Pikel
  6496 | D:7      | Killed Pikel
  6497 | D:7      | Reached skill level 8 in Dodging
  6702 | D:7      | Reached skill level 10 in Stealth
  6820 | D:7      | Reached *** piety under Okawaru
  6967 | D:7      | Reached XP level 10. HP: 51/51 MP: 22/22
  6973 | D:7      | Found a blossoming altar of Fedhas.
  7431 | D:8      | Reached skill level 9 in Dodging
  7692 | D:9      | You fall into a shaft and drop 1 floor!
  7692 | D:10     | Entered Level 10 of the Dungeon
  7870 | D:9      | Reached **** piety under Okawaru
  7871 | D:9      | Reached skill level 5 in Fighting
  8416 | D:9      | Found a flagged portal.
  8425 | Bailey   | Entered a bailey
  8487 | Bailey   | Reached skill level 10 in Dodging
  8575 | Bailey   | Found a burning altar of Makhleb.
  8605 | Bailey   | Identified the +6 rapier of Baozy {speed, rN+ Int-4 Dex+3
                  | Stlth+}
  8856 | D:8      | Found an opulent altar of Gozag.
  8858 | D:8      | Found a sacrificial altar of Ru.
  8858 | D:8      | Found a bloodstained altar of Trog.
  8922 | D:8      | Reached ***** piety under Okawaru
  9034 | D:8      | Reached skill level 5 in Transmutations
  9575 | D:10     | Noticed a gargoyle
  9588 | D:10     | Killed a gargoyle
  9600 | D:10     | Reached XP level 11. HP: 38/56 MP: 20/24
  9618 | D:10     | Learned a level 1 spell: Freeze
  9622 | D:10     | Learned a level 3 spell: Hailstorm
  9802 | D:10     | Reached skill level 11 in Dodging
  9943 | D:10     | Found a staircase to the Orcish Mines.
 10293 | D:10     | Received a gift from Okawaru
 10664 | Temple   | Gained mutation: You occasionally lose the ability to read
                  | scrolls when taking damage. [potion of mutation]
 10664 | Temple   | Gained mutation: You are resistant to electric shocks.
                  | (rElec) [potion of mutation]
 10665 | Temple   | Lost mutation: You occasionally lose the ability to read
                  | scrolls when taking damage. [potion of mutation]
 10665 | Temple   | Lost mutation: You are resistant to electric shocks.
                  | (rElec) [potion of mutation]
 10665 | Temple   | Gained mutation: You occasionally lose the ability to drink
                  | potions when taking damage. [potion of mutation]
 10665 | Temple   | Gained mutation: You passively map a small area around you.
                  | [potion of mutation]
 10665 | Temple   | Gained mutation: You expend magic power (3 MP) to
                  | strengthen your wands. [potion of mutation]
 10851 | D:11     | Identified the +2 robe of Curiosity {rF++ Will- Str+3}
 10852 | D:11     | Noticed Sonja
 10866 | D:11     | Killed Sonja
 11133 | D:11     | Noticed a boulder beetle
 11150 | D:11     | Killed a boulder beetle
 11151 | D:11     | Reached skill level 1 in Shields
 11236 | D:11     | Noticed a deep elf pyromancer
 11240 | D:11     | Killed a deep elf pyromancer
 11301 | D:11     | Found a staircase to the Lair.
 11385 | D:11     | Reached skill level 12 in Dodging
 11940 | Lair:1   | Entered Level 1 of the Lair of Beasts
 11963 | Lair:1   | Learned a level 4 spell: Anguish
 12055 | Lair:1   | Reached XP level 12. HP: 61/61 MP: 23/26
 12758 | Lair:2   | Found a staircase to the Snake Pit.
 12766 | Lair:2   | Reached ****** piety under Okawaru
 12788 | Lair:2   | Reached skill level 10 in Hexes
 12788 | Lair:2   | Noticed a death yak
 12792 | Lair:2   | Reached skill level 13 in Dodging
 12792 | Lair:2   | Noticed a death yak
 12793 | Lair:2   | Noticed a death yak
 12809 | Lair:2   | Noticed a boulder beetle
 12866 | Lair:2   | Found the +3 crown of Dyrovepreva {rElec Int+2 SInv}
 12879 | Lair:2   | Reached skill level 10 in Spellcasting
 13044 | Lair:2   | Identified the +2 robe of the Flute {-Cast Str+5} (Okawaru
                  | gifted it to you on level 2 of the Lair of Beasts)
 13044 | Lair:2   | Received a gift from Okawaru
 13699 | Lair:2   | Identified the +12 hand axe "Gyfourach" {pain, rN+ Str-3
                  | Int+5 SInv}
 13867 | Lair:2   | You fall into a shaft and drop 2 floors!
 14042 | Lair:4   | Noticed a catoblepas
 14057 | Lair:4   | Noticed a minotaur
 14098 | Lair:4   | Found a runed translucent gate.
 14098 | Lair:4   | Found a runed translucent gate.
 14098 | Lair:4   | Found a runed translucent gate.
 14118 | Lair:4   | Noticed Hihis's ghost (journeyman MfBe)
 14165 | Lair:4   | Killed a catoblepas
 14166 | Lair:4   | Reached skill level 14 in Dodging
 14196 | Lair:3   | Noticed a five-headed hydra
 14199 | Lair:3   | Killed a five-headed hydra
 14246 | Lair:3   | Lost mutation: You occasionally lose the ability to drink
                  | potions when taking damage. [potion of mutation]
 14246 | Lair:3   | Lost mutation: You expend magic power (3 MP) to strengthen
                  | your wands. [potion of mutation]
 14246 | Lair:3   | Lost mutation: You passively map a small area around you.
                  | [potion of mutation]
 14246 | Lair:3   | Gained mutation: You sometimes lose your temper in combat.
                  | [potion of mutation]
 14351 | Lair:3   | Reached XP level 13. HP: 45/67 MP: 16/28
 14397 | Lair:3   | Identified the +0 robe "Zycoich" {Fly rElec rN++ Int-5}
                  | (Okawaru gifted it to you on level 3 of the Lair of Beasts)
 14397 | Lair:3   | Received a gift from Okawaru
 14719 | Lair:3   | Found a staircase to the Shoals.
 14832 | Lair:3   | Lost mutation: You sometimes lose your temper in combat.
                  | [potion of mutation]
 14832 | Lair:3   | Gained mutation: You have hidden genetic defects. [potion
                  | of mutation]
 14832 | Lair:3   | Gained mutation: You have sharp toenails. [potion of
                  | mutation]
 14832 | Lair:3   | Gained mutation: You are agile. (Dex +4, Str/Int -1)
                  | [potion of mutation]
 15986 | Lair:4   | Found a viscous altar of Jiyva.
 16035 | Lair:4   | Reached skill level 15 in Dodging
 16090 | Lair:4   | Gained mutation: You are vulnerable to cold. (rC-) [hidden
                  | defects]
 16112 | Lair:4   | Reached skill level 10 in Short Blades
 16829 | Lair:4   | Killed a minotaur
 16938 | Lair:4   | Killed Hihis's ghost
 17149 | Lair:4   | Found a staircase to the Slime Pits.
 17314 | Lair:4   | Reached skill level 10 in Transmutations
 17323 | Lair:4   | Gained mutation: Your magical capacity is low. (-10% MP)
                  | [hidden defects]
 17323 | Lair:4   | Lost mutation: You have hidden genetic defects. [hidden
                  | defects expressed]
 17947 | Lair:5   | Entered Level 5 of the Lair of Beasts
 17963 | Lair:5   | Received a gift from Okawaru
 18092 | Lair:5   | Reached skill level 15 in Stealth
 18153 | Lair:5   | Reached skill level 1 in Evocations
 18172 | Lair:5   | Reached skill level 1 in Invocations
 18250 | Lair:5   | Reached skill level 16 in Dodging
 18437 | Lair:5   | Reached XP level 14. HP: 70/73 MP: 26/27
 18444 | Lair:5   | Received a gift from Okawaru
 18444 | Lair:5   | Found the +1 cloak of Starlight {*Dazzle EV+4 Stlth--}
 18650 | Lair:5   | Reached skill level 5 in Shields
 19730 | Lair:5   | Identified the ring of Urchilly {rPois Will+}
 19861 | Lair:5   | Reached skill level 17 in Dodging
 19895 | Lair:5   | Slain by a death yak

Illustrated notes

Levels and vault maps discovered:
D:1:      heliophobic_arrival_enchanted_forest, layout_basic
D:2:      layout_loops_ring, ebering_ecumenical_altar_petrified, uniq_natasha
D:3:      layout_basic, uniq_crazy_yiuf_cottage
D:4:      layout_basic, worldfamousw_hep_ancestral_shrine, gup_sewer_entry_bowl,
          kennysheep_generic_room_2, uniq_blork_the_orc, uniq_robin
D:5:      layout_rooms, minmay_temple_entry_drinking_statues, moated_statue
D:6:      layout_gridville, serial_shops, nicolae_stop_n_shop_1,
          minmay_misc_feat_more_columns, minmay_manual_monstrance, uniq_edmund
D:7:      layout_basic, fedhas_bush_and_centaur_altar,
          dreamdust_princess_corridor, uniq_pikel
D:8:      layout_basic, grunt_temple_overflow_open
D:9:      layout_irregular_city, enter_bailey_2
D:10:     layout_long_grid, erik_orc_1, minivault_10, minmay_misc_feat_iff
D:11:     layout_roguey, erik_lair_orcish_takeover, uniq_sonja
Temple:   bh_familiar_temple
Lair:1:   layout_roguey, grunt_megastairs_5
Lair:2:   layout_chaotic_city, minmay_snake_entry_guardpost_small,
          gauntlet_entry_generic, eino_house_with_fridge, grunt_megastairs_2
Lair:3:   layout_gridlike, minmay_shoals_entry_hut, lemuel_fruit_fields
Lair:4:   layout_regular_city, minmay_slime_entry_oklob_enclosed,
          maelrawn_ghost_gauntlet_escape, serial_bayou_shore_b,
          infiniplex_staircase_pool
Lair:5:   grunt_lair_end_beastmaster, layout_loops_ring, lemuel_fruit_tree,
          serial_bayou_shore_b, grunt_megastairs_3

Skill      XL: |  1  2  3  4  5  6  7  8  9 10 11 12 13 14 |
---------------+-------------------------------------------+-----
Spellcasting   | 3 4 5 6 7 8 9 10 11 12 | 12.5
Dodging        | 3 4 5 6 8 10 12 14 16 17 | 17.0
Hexes          | 4 5 6 7 8 9 10 | 10.0
Stealth        | 5 6 7 8 10 11 12 13 15 | 15.9
Fighting       | 1 2 3 4 5 6 7 8 |  8.5
Short Blades   | 2 3 4 5 6 7 8 9 10 11 | 11.1
Transmutations | 3 5 7 8 10 | 10.0
Shields        | 1 3 4 5 |  5.0
Evocations     | 1 4 |  4.7
Invocations    | 1 3 |  3.7

Action                   |  1- 3 |  4- 6 |  7- 9 | 10-12 | 13-15 || total
-------------------------+-------+-------+-------+-------+-------++-------
Melee: Short sword       |   108 |   251 |   389 |   230 |       ||   978
       Dagger            |     4 |       |       |       |       ||     4
       Punch             |     2 |     4 |     2 |     4 |       ||    12
       Rapier            |       |       |       |   676 |   821 ||  1497
       Kick              |       |       |       |       |   430 ||   430
Throw: Dart              |       |       |       |    11 |     3 ||    14
 Cast: Ensorcelled Hiber |     1 |    16 |    43 |   125 |    53 ||   238
       Confusing Touch   |       |     3 |     1 |    35 |    53 ||    92
       Anguish           |       |       |       |     1 |       ||     1
       Hailstorm         |       |       |       |       |     7 ||     7
       Dazzling Flash    |       |       |       |       |     1 ||     1
Invok: Heroism           |       |       |       |       |    10 ||    10
Evoke: Wand              |       |       |       |       |     2 ||     2
       Lightning rod     |       |       |       |       |     1 ||     1
  Use: Potion            |       |     3 |     2 |     5 |     6 ||    16
       Scroll            |       |       |     9 |     9 |     3 ||    21
 Stab: Sleeping          |     7 |    15 |    36 |    72 |    26 ||   156
       Distracted        |     1 |     1 |     2 |     3 |     1 ||     8
       Confused          |       |     4 |     3 |    34 |    48 ||    89
       Invisible         |       |       |       |       |    52 ||    52
       Petrified         |       |       |       |       |     6 ||     6
Armor: Robe              |    30 |    43 |    61 |    94 |    32 ||   260
Dodge: Dodged            |    95 |   203 |   407 |   796 |   487 ||  1988
       Repelled          |       |       |     1 |       |       ||     1
Block: Buckler           |       |       |       |   172 |   295 ||   467
       Reflection        |       |       |       |    14 |     1 ||    15

Table legend: (Time is in decaauts)
 A = Elapsed time spent in this place.
 B = Non-inter-level travel time spent in this place.
 C = Inter-level travel time spent in this place.
 D = Time resting spent in this place.
 E = Time spent auto-exploring this place.
 F = Levels seen in this place.
 G = Mean time per level.
                   A        B        C        D        E       F      G
               +--------+--------+--------+--------+--------+-----+--------+
         Total |  14327 |  13368 |    959 |   1650 |   6989 |  19 |  754.1 |
       Dungeon |   7618 |   6958 |    660 |    523 |   4317 |  11 |  692.5 |
        Temple |    356 |    342 |     14 |    103 |     98 |   1 |  356.0 |
          Lair |   5430 |   5146 |    284 |   1024 |   2127 |   5 | 1086.0 |
         Sewer |    756 |    756 |      0 |      0 |    419 |   1 |  756.0 |
        Bailey |    165 |    165 |      0 |      0 |     27 |   1 |  165.0 |
               +--------+--------+--------+--------+--------+-----+--------+

Top non-repeatable levels by time:
  Lair:4: 1464 daAuts
  Lair:5: 1333 daAuts
  Lair:2: 1316 daAuts
     D:6: 911 daAuts
    D:10: 851 daAuts
    D:11: 845 daAuts
     D:4: 788 daAuts
   Sewer: 756 daAuts
     D:2: 709 daAuts
  Lair:3: 703 daAuts
     D:9: 700 daAuts
  Lair:1: 612 daAuts
     D:5: 608 daAuts
     D:7: 591 daAuts
     D:1: 577 daAuts
